 Dungeon Crawl Stone Soup version 0.26-b1-32-g5d43845318 (webtiles) character file.

Game seed: 14861486948978116697

9090 Borgoz the Basher (level 11, -10/68 HPs)
             Began as a Gargoyle Gladiator on Jan 11, 2021.
             Killed from afar by Haveh's ghost (41 damage)
             ... with a stone arrow
             ... on level 9 of the Dungeon.
             The game lasted 00:15:39 (10860 turns).

Borgoz the Basher (Gargoyle Gladiator)             Turns: 10860, Time: 00:15:40

Health: -10/68     AC: 13    Str: 18    XL:     11   Next: 41%
Magic:  11/11      EV: 19    Int:  9    God:
Gold:   736        SH:  0    Dex: 20    Spells: 10/10 levels left

rFire    . . .     SeeInvis +   a - +3 flail (vorpal)
rCold    . . .     Faith    .   (no shield)
rNeg     + . .     Spirit   .   b - +5 robe of Night {Dark Will+ SInv}
rPois    ∞         Reflect  .   p - +2 helmet
rElec    +         Harm     .   v - +0 cloak
rCorr    .         Rampage  .   (no gloves)
Will     ++...                  q - +0 pair of boots
Stlth    ++........             (no amulet)
HPRegen  0.21/turn              k - +6 ring of dexterity
MPRegen  0.12/turn              B - ring of willpower

@: corroded
A: negative energy resistance 1, electricity resistance, unbreathing,
petrification resistance, miasma immunity, AC +8
a: no special abilities


You were on level 9 of the Dungeon.
You visited 2 branches of the dungeon, and saw 10 of its levels.
You visited the Abyss 1 time.
You also visited: Sewer.

You collected 736 gold pieces.

Inventory:

Hand Weapons
 a - a +3 vorpal flail (weapon)
Missiles
 d - a throwing net (quivered)
Armour
 b - the +5 robe of Night (worn) {Dark Will+ SInv}
   (You found it on level 9 of the Dungeon)

   It affects your willpower, your defense against some magical effects.
   It lets you see invisible.
 p - a +2 helmet (worn)
 q - a +0 pair of boots (worn)
 u - a +0 leather armour of cold resistance
 v - a +0 cloak (worn)
Jewellery
 k - a +6 ring of dexterity (left hand)
 s - an uncursed ring of flight
 B - a ring of willpower (right hand)
Wands
 t - a wand of flame (23)
 y - a wand of disintegration (12)
 E - a wand of paralysis (5)
 H - a wand of iceblast (4)
Scrolls
 c - a scroll of enchant armour
 i - a scroll of blinking
 j - 2 scrolls of teleportation
 o - 5 scrolls of remove curse
 r - a scroll of immolation {unknown}
 w - 2 scrolls of enchant weapon
 x - a scroll of fog {unknown}
 z - a scroll of identify
Potions
 e - 2 potions of brilliance
 f - 2 potions of cancellation
 g - 4 potions of flight
 h - 3 potions of lignification {unknown}
 l - 5 potions of curing
 m - 4 potions of heal wounds
 n - 2 potions of berserk rage {unknown}
 C - a potion of resistance
 D - a potion of magic
 F - a potion of haste


   Skills:
 + Level 8.2 Fighting
 * Level 10.5 Maces & Flails
 - Level 1.7 Throwing
 + Level 7.7 Armour
 * Level 8.9 Dodging


You had 10 spell levels left.
You didn't know any spells.
Your spell library contained the following spells:

 Spells                   Type           Power        Failure   Level
 Animate Skeleton         Necr           0%           38%         1
 Apportation              Tloc           0%           38%         1
 Corona                   Hex            0%           38%         1
 Pain                     Necr           0%           38%         1
 Sting                    Tmut/Pois      0%           38%         1
 Summon Small Mammal      Summ           0%           38%         1
 Poisonous Vapours        Pois/Air       0%           52%         2
 Ignite Poison            Fire/Tmut/Pois 0%           77%         3
 Mephitic Cloud           Conj/Pois/Air  0%           77%         3
 Vampiric Draining        Necr           0%           77%         3
 Animate Dead             Necr           0%           99%         4
 Olgreb's Toxic Radiance  Pois           0%           99%         4
 Agony                    Necr           0%           100%        5


Dungeon Overview and Level Annotations

Branches:
Dungeon (9/15)             Temple (1/1) D:4            Lair (0/6) D:8
    Orc (0/2) D:9           Sewer (visited)

Altars:
Ashenzari
Cheibriados
Dithmenos
Elyvilon
Fedhas
Gozag
Hepliaklqana
Kikubaaqudgha
Makhleb
Nemelex Xobeh
Okawaru
Qazlal
Ru
Sif Muna
Trog
Uskayaw
Vehumet
Wu Jian
Xom
Yredelemnul
Zin
The Shining One

Shops:
D:5 !   D:9 ([

Annotations:
D:9 Haveh's ghost, novice GrEE


Innate Abilities, Weirdness & Mutations

You are resistant to torment.
Your stone body is resilient. (AC +8)
You are immune to poison.
You resist negative energy. (rN+)
You are resistant to electric shocks. (rElec)
You can survive without breathing.
You are immune to petrification.
You are immune to miasma.


Message History

Haveh's ghost gestures at you while chanting.
The blast of sand hits you but does no damage.
You hit the kobold demonologist but do no damage.
The kobold demonologist is almost dead.
The ufetubus completely misses you. The ufetubus closely misses you.
The rust devil barely misses you.
The kobold demonologist hits you with a +0 dagger.
The ufetubus barely misses you. The ufetubus misses you.
Haveh's ghost points at you and mumbles some strange words.
The blast of sand misses you.
You hit the kobold demonologist.
You kill the kobold demonologist!
The rust devil disappears in a puff of smoke!
The ufetubus disappears in a puff of smoke!
Haveh's ghost gestures wildly while chanting.
Haveh's ghost blinks!
Haveh's ghost casts a spell at you. The stone arrow hits you!!!
Ouch! That really hurt!
You die...

#...........)).........####
##>.......................### #
##............##'''##......###
##..#####....##.....##........
#..## #.W..#..#.#..#........
##..# #....#8.#.#K8#........
##..## #....#..#K#..#........
#....### #....##.....##....##..
#......####....@## !(##.......##
#........###.....#####.........#
#........# #..#................#
##........#
#..###...............
#........## #..#
###............. #...)...## #..#
####.......... #.....### #..#
####....... #....## #..#
######## ##....#######..#


You could see Haveh's ghost.

Vanquished Creatures
  2 death yaks
  Erica (D:8)
  Pikel (D:4)
  A smoke demon (Abyss:2)
  An eye of devastation (Abyss:2)
  3 kobold demonologists (D:9)
  A troll (D:9)
  2 humans (D:9)
  6 yaks (D:9)
  Edmund (D:4)
  4 orc warriors
  A sky beast (D:9)
  A phantom (D:7)
  4 black bears
  2 ice beasts
  4 ogres
  2 centaurs
  9 big kobolds
  3 bullfrogs
  5 killer bees (D:7)
  3 howler monkeys (D:9)
  A quasit (D:8)
  A centaur zombie (D:3)
  4 hounds
  6 orc priests
  A bullfrog skeleton (D:7)
  A jelly (D:9)
  4 orc wizards
  Terence (D:2)
  2 iguanas
  6 worker ants
  2 ogre zombies (D:5)
  3 hound skeletons
  A hound zombie (D:5)
  Robin (D:2)
  10 adders
  3 river rats
  2 shadow imps
  2 white imps
  5 ufetubi
  3 oozes
  An adder zombie (D:5)
  An adder skeleton (D:5)
  4 worms
  2 dart slugs
  5 leopard geckos
  28 orcs
  5 ball pythons
  4 bats
  9 giant cockroaches
  15 goblins
  10 hobgoblins
  10 jackals
  22 kobolds
  4 quokkas
  4 frilled lizards
  A leopard gecko skeleton (D:7)
  12 rats
253 creatures vanquished.

Vanquished Creatures (others)
  A fungus (D:9)
  4 plants
5 creatures vanquished.

Grand Total: 258 creatures vanquished

Notes
Turn   | Place    | Note
-------+----------+-------------------------------------------
     0 | D:1      | Borgoz the Gargoyle Gladiator began the quest for the Orb.
     0 | D:1      | Reached XP level 1. HP: 12/12 MP: 1/1
   236 | D:1      | Reached XP level 2. HP: 17/18 MP: 2/2
   569 | D:1      | Reached XP level 3. HP: 14/22 MP: 3/3
   798 | D:1      | Reached skill level 1 in Armour
  1420 | D:2      | Reached XP level 4. HP: 25/27 MP: 4/4
  1495 | D:2      | Noticed Robin
  1556 | D:2      | Killed Robin
  1703 | D:2      | Noticed Terence
  1726 | D:2      | Killed Terence
  2627 | D:3      | Reached XP level 5. HP: 32/32 MP: 5/5
  2688 | D:3      | Reached skill level 4 in Maces & Flails
  2729 | D:3      | Found a faded altar of an unknown god.
  3165 | D:3      | Found a burning altar of Makhleb.
  3620 | D:4      | Noticed Edmund
  3622 | D:4      | Found a staircase to the Ecumenical Temple.
  3636 | D:4      | Killed Edmund
  3637 | D:4      | Reached XP level 6. HP: 31/37 MP: 6/6
  3659 | Temple   | Entered the Ecumenical Temple
  4211 | D:4      | Noticed Pikel
  4241 | D:4      | Killed Pikel
  4242 | D:4      | Reached skill level 5 in Maces & Flails
  4242 | D:4      | Reached XP level 7. HP: 14/44 MP: 7/7
  4242 | D:4      | Reached XP level 8. HP: 16/48 MP: 8/8
  4543 | D:4      | Got an encrusted hand axe
  4544 | D:4      | Identified the +8 hand axe "Ixzah" {antimagic, rC+} (You
                  | found it on level 4 of the Dungeon)
  4953 | D:5      | Entered Level 5 of the Dungeon
  5134 | D:5      | Found a glowing drain.
  5142 | D:5      | Reached skill level 6 in Maces & Flails
  5142 | D:5      | Reached skill level 5 in Dodging
  5155 | Sewer    | Entered a sewer
  5283 | Sewer    | Found a glowing silver altar of Zin.
  5385 | D:5      | Found a broken altar of Ashenzari.
  5522 | D:5      | Found a transporter.
  5567 | D:5      | Found Bogeditt's Distillery.
  5739 | D:5      | Found a stormy altar of Qazlal.
  5900 | D:5      | Found a transporter.
  6084 | D:5      | Reached skill level 5 in Fighting
  6344 | D:6      | Found a bloodstained altar of Trog.
  6527 | D:6      | Found an ancient bone altar of Kikubaaqudgha.
  6562 | D:6      | Reached skill level 7 in Maces & Flails
  6562 | D:6      | Reached XP level 9. HP: 54/54 MP: 3/9
  7139 | D:7      | Reached skill level 5 in Armour
  7810 | D:8      | Noticed Erica
  7853 | D:8      | Killed Erica
  7854 | D:8      | Reached skill level 8 in Maces & Flails
  7886 | D:8      | Reached XP level 10. HP: 50/61 MP: 5/10
  7909 | D:8      | Found a staircase to the Lair.
  7909 | D:8      | Noticed a death yak
  7909 | D:8      | Noticed a death yak
  7909 | D:8      | Noticed a death yak
  7910 | D:8      | Noticed a death yak
  7910 | D:8      | Noticed a death yak
  7953 | D:7      | Killed a death yak
  8384 | D:8      | Reached skill level 9 in Maces & Flails
  8442 | D:8      | Killed a death yak
  9242 | D:9      | Found a runed translucent gate.
  9242 | D:9      | Found a runed translucent gate.
  9242 | D:9      | Found a runed translucent gate.
  9243 | D:9      | Noticed a kobold demonologist
  9243 | D:9      | Noticed a kobold demonologist
  9243 | D:9      | Noticed Haveh's ghost (novice GrEE)
  9243 | D:9      | Identified the +2 short sword of the Eleven Xenops {pain,
                  | rElec}
  9248 | D:9      | Noticed a kobold demonologist
  9295 | D:9      | Found the +5 robe of Night {Dark Will+ SInv}
  9307 | D:9      | Found an iron altar of Okawaru.
  9528 | D:9      | Found Jiwebb's Armour Shoppe.
  9642 | D:9      | Found Gidghuam's Weapon Emporium.
  9643 | D:9      | Found a staircase to the Orcish Mines.
 10199 | D:9      | Reached XP level 11. HP: 63/68 MP: 11/11
 10209 | D:9      | Reached skill level 10 in Maces & Flails
 10420 | D:9      | Cast into level 2 of the Abyss (unwielding a weapon of
                  | distortion)
 10479 | Abyss:2  | Noticed a thrashing horror
 10578 | D:9      | Escaped the Abyss
 10860 | D:9      | Killed from afar by Haveh's ghost

Illustrated notes

Levels and vault maps discovered:
D:1:      scummos_arrival_gate, layout_basic, chequers_serial_rivers_micro_e,
          hangedman_decor_peaks_small
D:2:      layout_basic, solitary_fountain, uniq_robin, uniq_terence
D:3:      layout_basic, nicolae_overflow_crystal_walls,
          chequers_ecumenical_altar_simple_redux
D:4:      layout_cave_pods, minmay_temple_entry_purple_smoke, uniq_edmund,
          uniq_pikel
D:5:      gammafunk_cloud_chamber, layout_basic, grunt_qazlal_sundering,
          evilmike_ruin_ashenzari, portal_sewer_entry_a, serial_shops,
          nicolae_shop_crystal
D:6:      layout_loops_corners, basic_altar, trog_ov_bears_minmay
D:7:      layout_rooms, minmay_microvault
D:8:      layout_loops_ring, dpeg_lair_monsters, hex_tiny, serial_bayou_pond_c,
          minivault_1, uniq_erica
D:9:      layout_cave_pods, okawaru_humans, orc_david_3,
          gammafunk_ghost_nasty_kobolds, serial_shops, shop
Temple:   regret_index_temple_mists

Skill      XL: |  1  2  3  4  5  6  7  8  9 10 11 |
---------------+----------------------------------+-----
Armour         | 1 2 3 4 6 7 |  7.7
Dodging        | 3 4 5 7 8 |  8.9
Fighting       | 3 4 5 6 7 8 |  8.2
Maces & Flails | 4 5 7 8 9 10 | 10.5
Throwing       | |  1.7

Action                   |  1- 3 |  4- 6 |  7- 9 | 10-12 || total
-------------------------+-------+-------+-------+-------++-------
Melee: Flail             |   112 |   227 |    24 |   335 ||   698
       Hand axe          |       |       |   276 |       ||   276
Throw: Throwing net      |       |       |     1 |     5 ||     6
  Use: Scroll            |       |     6 |       |     9 ||    15
       Potion            |       |       |     3 |       ||     3
 Stab: Sleeping          |     1 |       |       |       ||     1
       Held in net/web   |       |       |       |     3 ||     3
Armor: Leather armour    |    43 |    24 |       |       ||    67
       Scale mail        |       |   154 |   172 |    58 ||   384
       Robe              |       |       |       |    61 ||    61
Dodge: Dodged            |    85 |   225 |   232 |   269 ||   811
